Map: Romanticide LE

Players

rottenorange

  • Race: Zerg Zerg
  • Spawn Location: 5:00

itsDani - Winner!

  • Race: Protoss Protoss
  • League: Platinum
  • Spawn Location: 11:00

VOD

Have the link to the VOD?

Description

Time

  • Played on: Oct. 1, 2020, 1:35 p.m.
  • Length: 14:30
Show
View Real Time Build Order
Export as new Build Order

rottenorange Zerg 

Build Orders: Hatch First 

Get SALT Encoding   

  12  0:00  Drone  
  13  0:09  Drone  
  14  0:18  Overlord  
  14  0:36  Drone  
  14  0:37  Drone x2  
  17  1:02  Hatchery  
  16  1:05  Drone x2  
  16  1:09  Extractor  
  16  1:10  Drone  
  18  1:22  Drone  
  19  1:27  Spawning Pool  
  19  1:32  Drone  
  19  1:43  Overlord  
  19  1:58  Drone  
  20  2:13  Drone  
  20  2:14  Queen  
  20  2:15  Queen  
  23  2:16  Drone  
  23  2:17  Drone  
  23  2:20  Metabolic Boost  
  27  2:40  Drone x2  
  27  2:41  Drone x2  
  31  2:46  Overlord  
  31  2:58  Overlord  
  31  2:59  Zergling x2  
  31  3:00  Zergling x2  
  33  3:10  Zergling x4  
  35  3:26  Hatchery  
  35  3:27  Drone x7  
  35  3:28  Drone  
  35  3:32  Queen  
  44  3:38  Spine Crawler  
  44  3:41  Spine Crawler  
  42  3:43  Zergling x4  
  44  3:52  Overlord x2  
  44  3:54  Drone  
  44  3:55  Drone  
  46  4:11  Overlord x2  
  46  4:13  Drone x5  
  51  4:27  Extractor  
  51  4:30  Evolution Chamber  
  49  4:31  Evolution Chamber  
  49  4:36  Drone x5  
  49  4:37  Drone x3  
  49  4:38  Roach Warren  
  55  4:43  Zergling x2  
  55  4:45  Zergling x2  
  57  4:51  Drone  
  58  4:58  Zergling x4  
  60  5:13  Zerg Ground Armor Level 1, Zerg Missile Weapons Level 1  
  60  5:15  Zergling x12  
  60  5:16  Zergling x4  
  60  5:20  Lair  
  68  5:23  Roach  
  64  5:38  Zergling x4  
  64  5:39  Zergling x2  
  65  5:56  Drone x3, Spine Crawler  
  67  5:58  Zergling x10  
  72  6:07  Extractor  
  68  6:13  Extractor  
  51  6:31  Zergling x6  
  51  6:32  Zergling x12  
  49  6:59  Roach x5  
  57  7:13  Spine Crawler  
  56  7:16  Spine Crawler  
  56  7:20  Ravager  
  49  7:31  Roach x2  
  49  7:32  Roach x4  
  60  7:41  Spine Crawler  
  56  7:50  Roach x3  
  60  8:12  Queen  
  62  8:19  Zergling x12  
  66  8:22  Zerg Melee Weapons Level 1  
  51  8:58  Drone x6  
  55  9:32  Queen  
  55  9:35  Hatchery  
  56  9:47  Hatchery  
  55  9:59  Hatchery  
  54  10:07  Roach x4  
  61  10:10  Zergling x4  
  61  10:11  Zergling x12  
  71  10:35  Roach x2  
  75  10:38  Overlord x2  
  63  11:02  Zergling x8  
  65  11:05  Roach x2  
  65  11:17  Drone  
  50  11:35  Roach x4  
  50  11:36  Roach x4  
  65  11:41  Zerg Missile Weapons Level 2  
  65  11:45  Queen  
  67  11:53  Drone x3  
  70  12:00  Hatchery, Queen  
  49  12:18  Drone x3  
  49  12:21  Roach x4  
  50  12:36  Roach x4  
  54  12:49  Roach x2  
  38  12:59  Overseer  
  38  13:03  Roach x3  
  39  13:17  Roach x2  
  39  13:18  Roach x2  
  40  13:34  Roach  
  36  13:39  Roach x3  
  36  13:40  Roach x2  
  44  13:57  Drone x5  
  44  14:00  Roach  
  51  14:14  Drone x2  
  53  14:22  Hatchery  
Show
View Real Time Build Order
Export as new Build Order

itsDani Protoss - Winner!

Build Orders: 1 Gate Expand 

Get SALT Encoding   

  12  0:00  Probe  
  13  0:15  Pylon  
  13  0:21  Probe  
  14  0:33  Probe (Chrono Boost)  
  15  0:45  Probe (Chrono Boost)  
  16  0:57  Gateway  
  16  1:07  Probe  
  17  1:13  Assimilator  
  17  1:19  Probe  
  18  1:31  Probe  
  19  1:39  Nexus  
  19  1:43  Probe  
  19  1:45  Cybernetics Core  
  20  1:56  Probe  
  20  1:58  Assimilator  
  21  2:09  Pylon  
  21  2:12  Probe (Chrono Boost)  
  22  2:21  Warp Gate, Probe (Chrono Boost)  
  23  2:27  Adept  
  25  2:45  Twilight Council  
  25  2:48  Probe  
  26  2:51  Probe  
  27  2:58  Stalker  
  27  3:00  Probe  
  27  3:04  Probe  
  31  3:12  Probe  
  32  3:16  Probe  
  33  3:20  Robotics Facility  
  33  3:28  Probe  
  33  3:29  Probe  
  35  3:37  Gateway  
  35  3:40  Resonating Glaives  
  35  3:48  Probe  
  36  3:59  Probe  
  36  4:00  Probe  
  38  4:05  Warp Prism (Chrono Boost)  
  38  4:06  Gateway  
  38  4:07  Gateway  
  40  4:18  Adept  
  40  4:23  Probe x2  
  44  4:26  Pylon  
  44  4:30  Pylon  
  44  4:35  Adept  
  46  4:56  Pylon, Probe x2  
  48  5:04  Adept x4  
  56  5:08  Probe  
  55  5:37  Adept x2  
  55  5:38  Adept x2  
  51  5:59  Adept x3  
  51  6:00  Adept  
  57  6:21  Adept  
  57  6:22  Adept x3  
  63  6:42  Adept  
  63  6:43  Adept x2  
  69  6:49  Pylon  
  69  6:51  Pylon  
  69  6:53  Gateway, Pylon  
  69  6:54  Gateway  
  69  6:57  Gateway  
  69  7:25  Adept  
  69  7:26  Adept x3  
  57  8:13  Adept x4  
  61  8:29  Adept x3  
  61  8:46  Adept  
  61  8:47  Adept x3  
  59  8:59  Adept x3  
  43  9:11  Adept x4  
  43  9:15  Probe  
  43  9:16  Probe  
  53  9:18  Assimilator  
  53  9:19  Assimilator  
  45  9:27  Probe  
  45  9:30  Adept x3  
  45  9:31  Adept x2  
  54  9:32  Adept x2  
  54  9:36  Probe  
  61  9:40  Probe  
  62  9:46  Gateway  
  62  9:47  Gateway  
  62  9:50  Gateway  
  62  9:52  Gateway  
  62  9:54  Gateway, Adept  
  62  9:55  Adept x5  
  62  9:56  Adept  
  76  10:17  Pylon  
  76  10:18  Pylon  
  76  10:19  Pylon  
  76  10:21  Adept x5  
  78  10:22  Adept x2  
  88  10:43  Adept x3  
  88  10:44  Adept x6  
  88  10:45  Adept  
  66  11:13  Adept x3  
  66  11:14  Adept x5  
  66  11:15  Adept x3  
  66  11:16  Adept  
  76  11:32  Dark Shrine  
  74  11:42  Adept x4  
  74  11:43  Adept x7  
  74  11:44  Adept  
  96  11:54  Nexus  
  96  11:57  Pylon  
  96  11:58  Pylon  
  96  12:01  Pylon  
  96  12:03  Assimilator  
  94  12:13  Adept  
  94  12:14  Adept x2  
  94  12:15  Adept x2  
  96  12:38  Adept  
  96  12:39  Adept x5  
  100  13:05  Adept x3  
  98  13:06  Adept x3  
  88  13:47  Adept x5  
  88  13:48  Adept x3  
  104  13:49  Adept  
  106  14:04  Probe x3  
Tags
 
Add a new tag
Caveats
  • Supply blocks, unpowered buildings, or Contaminate may cause inaccurate times.
  • Supply counts are checked every 10 seconds.